 Dungeon Crawl Stone Soup version 0.27.1 (webtiles) character file.

Game seed: 3271888241693560466

14594 Destapler the Basher (level 11, -3/160 HPs)
             Began as a Troll Berserker on Aug 24, 2021.
             Was a High Priest of Trog.
             Slain by a warg (9 damage)
             ... led by an orc knight
             ... on level 11 of the Dungeon.
             The game lasted 00:44:01 (10073 turns).

Destapler the Basher (Troll Berserker)             Turns: 10073, Time: 00:44:01

Health: -3/160     AC:  6    Str: 27    XL:     11   Next: 90%
Magic:  10/10      EV: 13    Int:  3    God:    Trog [*****.]
Gold:   699        SH:  0    Dex: 17    Spells: 10/10 levels left

rFire    + + .     SeeInvis +   a - +11 flail of the Eternal Void {vorpal, rCorr Dex+5}
rCold    . . .     Faith    .   (no shield)
rNeg     . . .     Spirit   .   I - +0 troll leather armour
rPois    .         Reflect  .   (helmet restricted)
rElec    .         Harm     .   E - scarf {repulsion}
rCorr    +         Rampage  .   (gloves unavailable)
Will     +....                  (boots unavailable)
Stlth    ..........             i - amulet of the acrobat
HPRegen  2.36/turn              b - ring of willpower
MPRegen  0.12/turn              G - ring of protection from fire

@: berserking, repel missiles, very quick
A: large, unfitting armour, claws 3, regeneration 1, shaggy fur 1, tough skin 1,
see invisible, fire resistance 1, evolution 1
a: Renounce Religion, Berserk, Trog's Hand, Brothers in Arms


You were on level 11 of the Dungeon.
You worshipped Trog.
Trog was extremely pleased with you.
You visited 2 branches of the dungeon, and saw 12 of its levels.
You also visited: Sewer and Ossuary.

You collected 699 gold pieces.

Inventory:

Hand Weapons
 a - the +11 flail of the Eternal Void (weapon) {vorpal, rCorr Dex+5}
   (Trog gifted it to you on level 9 of the Dungeon)

   It inflicts extra damage upon your enemies.
   Dex:       It affects your dexterity (+5).
   rCorr:     It protects you from acid and corrosion.
Missiles
 f - 4 silver boomerangs
 q - 13 boomerangs
 s - 10 curare-tipped darts
 t - 44 poisoned darts
 u - a throwing net
 F - 3 large rocks
Armour
 z - +2 steam dragon scales
 E - a scarf of repulsion (worn)
 I - a +0 troll leather armour (worn)
Jewellery
 b - a ring of willpower (left claw)
 i - an amulet of the acrobat (around neck)
 l - an amulet of guardian spirit
 G - a ring of protection from fire (right claw)
 H - a ring of positive energy
Wands
 v - a wand of flame (27)
 x - a wand of iceblast (13)
 B - a wand of mindburst (9) (quivered)
Scrolls
 d - 5 scrolls of identify
 m - a scroll of vulnerability
 p - a scroll of fear {unknown}
 w - 2 scrolls of enchant armour
 y - a scroll of teleportation
 A - 2 scrolls of fog {unknown}
 C - 2 scrolls of enchant weapon
 D - a scroll of blinking
Potions
 c - 3 potions of might
 e - 7 potions of curing
 g - 4 potions of invisibility
 h - 2 potions of mutation
 j - 7 potions of heal wounds
 k - 2 potions of brilliance
 n - 2 potions of attraction
 o - 3 potions of magic
 r - a potion of lignification


   Skills:
 - Level 6.6 Fighting
 + Level 11.7 Maces & Flails
 - Level 3.5 Throwing
 - Level 3.0 Armour
 - Level 6.6 Dodging
 - Level 2.1 Shields
 - Level 8.0 Unarmed Combat
 - Level 1.9 Evocations


You had 10 spell levels left.
You didn't know any spells.
Your spell library contained the following spells:

 Spells                   Type           Power      Damage    Failure   Level
 Static Discharge         Conj/Air       0%         N/A       71%         2
 Dazzling Flash           Conj/Hex       0%         N/A       90%         3
 Stone Arrow              Conj/Erth      0%         3d7       90%         3
 Agony                    Necr           0%         N/A       100%        5
 Blade Hands              Tmut           0%         N/A       100%        5
 Bolt of Magma            Conj/Fire/Erth 0%         4d4       100%        5
 Irradiate                Conj/Tmut      0%         3d13      100%        5
 Lightning Bolt           Conj/Air       0%         1d11      100%        5
 Silence                  Hex/Air        0%         N/A       100%        5
 Dragon Form              Tmut           0%         N/A       100%        7
 Maxwell's Capacitive Co  Air            0%         ∞         100%        8
 Shatter                  Erth           0%         3d5*      100%        9


Dungeon Overview and Level Annotations

Branches:
Dungeon (11/15)            Temple (0/1) D:4            Lair (0/6) D:10
    Orc (1/2) D:11          Sewer (visited)         Ossuary (visited)

Altars:
Gozag
The Shining One

Shops:
D:7 [   D:8 :   D:10 *


Innate Abilities, Weirdness & Mutations

You are too large for most types of armour.
You have claws for hands.
Your natural rate of healing is unusually fast.
You are covered in fur. (AC +1)
You have tough skin. (AC +1)
You have supernaturally acute eyesight. (SInv)
Your flesh is heat resistant. (rF+)
You evolve.


Message History

You bludgeon the orc warrior!!
You kill the orc warrior!
Trog accepts your kill. The warg bites you.
You closely miss the warg. The orc barely misses you.
The orc knight hits you with a +1 long sword of flaming!!
The orc knight burns you. The orc closely misses you.
You sock the orc!
You kill the orc!
Trog accepts your kill. The warg bites you.
You bludgeon the orc!!
You kill the orc!
Trog accepts your kill. The warg closely misses you.
The orc knight hits you with a +1 long sword of flaming!!!
* * * LOW HITPOINT WARNING * * *
The orc knight burns you.
* * * LOW HITPOINT WARNING * * *
You closely miss the orc knight. The warg barely misses you.
You bludgeon the orc knight!!
The orc knight is heavily wounded.
The orc knight hits you with a +1 long sword of flaming!!
* * * LOW HITPOINT WARNING * * *
The orc knight burns you.
* * * LOW HITPOINT WARNING * * *
You sock the orc knight!
The orc knight is severely wounded.
The warg bites you.
* * * LOW HITPOINT WARNING * * *
You sock the orc knight!
You kill the orc knight!
Trog accepts your kill. The warg barely misses you.
You sock the warg!
The warg is heavily wounded.
You closely miss the warg.
The warg is heavily wounded.
The warg bites you!
You die...

....'..# #.....'.###.....)....#
....#### #<....### ######)#####
....# ###'#### #.# ...## #....#
#.# #### ###.##.# #.#
.######...##)####### #.#
.....##'####)#8...8# #.# ##
.###.#.....#)#)))..######.######.
.# #.#.....#))))@).#...........+.
.# #.'.....#.#.h.†.######.######.
.# ###.....#.#8...8# ##.# #. .#
##'##.#.####### #..# ## ##
#.##..^# #.## #.###### #.# #.#
#.# #.###### #.# #......# #.#


You could see a warg.

Vanquished Creatures
  A hydra (D:11)
  4 two-headed ogres
  An orc knight (D:11)
  A cyclops (D:11)
  Maggie (D:8)
  An unseen horror (D:11)
  2 trolls (D:11)
  A hornet (D:9)
  Prince Ribbit (D:8)
  2 wyverns
  A wraith (D:7)
  3 vampires
  2 basilisks (D:10)
  11 yaks
  A steam dragon (D:9)
  A vampire mosquito (D:10)
  2 wargs
  4 water moccasins
  8 orc warriors
  A necrophage (D:5)
  5 centaurs
  8 ogres
  7 kobold brigands
  3 elf zombies (Ossuary)
  A bullfrog (D:7)
  A scorpion (D:10)
  2 gnoll sergeants
  A wyvern zombie (D:5)
  A water moccasin zombie (D:7)
  6 killer bees (D:9)
  8 wights
  A bullfrog zombie (D:5)
  3 howler monkeys (D:10)
  6 centaur zombies
  3 jellies
  3 hounds
  2 bullfrog skeletons
  A centaur skeleton (D:5)
  4 orc priests
  A gnoll shaman (D:6)
  6 orc wizards
  6 iguanas
  A killer bee zombie (D:5)
  2 mummies (Ossuary)
  A hound skeleton (D:4)
  19 gnolls
  13 adders
  5 river rats (Sewer)
  3 shadow imps
  4 white imps
  An ufetubus (D:6)
  An adder skeleton (D:4)
  4 adder zombies (Ossuary)
  A worm (D:4)
  2 dart slugs
  38 orcs
  4 endoplasms
  5 giant cockroaches
  2 goblins
  4 hobgoblins
  25 kobolds
  A quokka (D:3)
  9 ball pythons
  17 bats
  6 frilled lizards
  A goblin zombie (Ossuary)
  6 hobgoblin zombies (Ossuary)
  8 kobold zombies (Ossuary)
  10 orc zombies (Ossuary)
  30 rats
  2 rat zombies (Ossuary)
353 creatures vanquished.

Vanquished Creatures (others)
  2 bushes (D:10)
  2 fungi (D:10)
  15 plants (D:10)
19 creatures vanquished.

Grand Total: 372 creatures vanquished

Notes
Turn   | Place    | Note
-------+----------+-------------------------------------------
     0 | D:1      | Destapler the Troll Berserker began the quest for the Orb.
     0 | D:1      | Reached XP level 1. HP: 22/22 MP: 0/0
     9 | D:1      | Found a faded altar of an unknown god.
   298 | D:1      | Reached XP level 2. HP: 29/29 MP: 1/1
   763 | D:2      | Reached XP level 3. HP: 36/36 MP: 2/2
   964 | D:2      | Found a glowing golden altar of the Shining One.
  1164 | D:2      | Reached ** piety under Trog
  1492 | D:3      | Reached XP level 4. HP: 45/45 MP: 3/3
  2079 | D:4      | Reached XP level 5. HP: 50/53 MP: 4/4
  2247 | D:4      | Found a staircase to the Ecumenical Temple.
  2759 | D:5      | Entered Level 5 of the Dungeon
  2805 | D:5      | Found an opulent altar of Gozag.
  2860 | D:5      | Reached XP level 6. HP: 59/62 MP: 5/5
  3092 | D:5      | Identified the +4 dagger of Pobeuwich {speed, +Blink rElec
                  | rCorr Int-5}
  3216 | D:5      | Reached skill level 5 in Unarmed Combat
  3389 | D:5      | Reached XP level 7. HP: 68/71 MP: 6/6
  3406 | D:5      | Reached *** piety under Trog
  3972 | D:6      | Reached skill level 5 in Dodging
  4013 | D:6      | Found a glowing drain.
  4016 | D:6      | Reached skill level 5 in Fighting
  4031 | D:6      | Reached XP level 8. HP: 80/80 MP: 7/7
  4076 | Sewer    | Entered a sewer
  4246 | Sewer    | Reached **** piety under Trog
  4856 | D:6      | Reached ***** piety under Trog
  5476 | D:7      | Reached XP level 9. HP: 89/89 MP: 8/8
  5567 | D:7      | Found Famp's Antique Armour Shop.
  5815 | D:8      | Found a sand-covered staircase.
  5824 | Ossuary  | Entered an ossuary
  5901 | Ossuary  | Reached skill level 1 in Armour
  5907 | Ossuary  | Reached skill level 1 in Throwing
  6213 | D:8      | Reached skill level 1 in Shields
  6334 | D:8      | Reached skill level 1 in Evocations
  6690 | D:8      | Found Roug's Book Shop.
  6711 | D:8      | Noticed Prince Ribbit
  6717 | D:8      | Killed Prince Ribbit
  6768 | D:8      | Noticed Maggie
  6788 | D:8      | Killed Maggie
  7240 | D:9      | Reached XP level 10. HP: 83/100 MP: 9/9
  7346 | D:9      | Identified the +11 flail of the Eternal Void {vorpal, rCorr
                  | Dex+5} (Trog gifted it to you on level 9 of the Dungeon)
  7346 | D:9      | Received a gift from Trog
  7412 | D:9      | Reached skill level 1 in Maces & Flails
  7455 | D:9      | Reached skill level 2 in Maces & Flails
  7470 | D:9      | Reached skill level 3 in Maces & Flails
  7661 | D:9      | Reached skill level 4 in Maces & Flails
  7702 | D:9      | Reached skill level 5 in Maces & Flails
  7755 | D:9      | Identified the +1 leather armour "Feyshupp" {rElec Str-3
                  | Int+3}
  7767 | D:9      | Gained mutation: You evolve. [potion of mutation]
  7767 | D:9      | Gained mutation: You have supernaturally acute eyesight.
                  | (SInv) [potion of mutation]
  7767 | D:9      | Gained mutation: Your flesh is heat resistant. (rF+)
                  | [potion of mutation]
  8056 | D:10     | Entered Level 10 of the Dungeon
  8110 | D:10     | Reached skill level 6 in Maces & Flails
  8120 | D:10     | Found Vayx's Island Escapes.
  8237 | D:10     | Reached skill level 7 in Maces & Flails
  8314 | D:10     | Reached skill level 8 in Maces & Flails
  8314 | D:10     | Reached XP level 11. HP: 97/107 MP: 10/10
  8331 | D:10     | Found a staircase to the Lair.
  8467 | D:10     | Noticed a two-headed ogre
  8471 | D:10     | Killed a two-headed ogre
  8478 | D:10     | Identified the +7 flail of Urauh {flame, +Rage rN+}
  8792 | D:11     | Found a staircase to the Orcish Mines.
  8811 | D:11     | Reached skill level 9 in Maces & Flails
  8850 | D:11     | Received a gift from Trog
  8906 | D:11     | Noticed a two-headed ogre
  8916 | D:11     | Killed a two-headed ogre
  8949 | D:11     | Reached skill level 10 in Maces & Flails
  9378 | D:11     | Noticed an eight-headed hydra
  9389 | D:11     | Killed an eight-headed hydra
  9650 | D:11     | Noticed a two-headed ogre
  9658 | D:11     | Killed a two-headed ogre
  9659 | D:11     | Reached skill level 11 in Maces & Flails
  9743 | D:11     | Noticed a two-headed ogre
  9750 | D:11     | Killed a two-headed ogre
  9986 | Orc:1    | Entered Level 1 of the Orcish Mines
  9986 | Orc:1    | Noticed an orc knight
  9986 | Orc:1    | Noticed an orc knight
 10069 | D:11     | HP: 5/160 [orc knight (26)]
 10071 | D:11     | Killed an orc knight
 10073 | D:11     | Slain by a warg

Illustrated notes

Levels and vault maps discovered:
D:1:      ncdulo_wetmaze, layout_basic, ebering_ecumenical_altar_mist
D:2:      layout_loops_ring, basic_altar, minmay_rat_gold_closets
D:3:      layout_loops_ring, minmay_splitting_lines, grunt_ministairs_15
D:4:      layout_gridville, temple_statues
D:5:      layout_loops_corners, grunt_gozag_breadcrumbs, st_stairs_1,
          roderic_batcave
D:6:      layout_rooms, gup_sewer_entry_glass
D:7:      layout_basic, serial_shops, kennysheep_mini
D:8:      layout_loops_corners, nicolae_ossuary_entry_ruins, serial_shops, shop,
          dk_noncrumbling_2, blue_anna_alchemist, uniq_maggie,
          uniq_prince_ribbit1
D:9:      layout_irregular_city, kennysheep_potato
D:10:     layout_roguey, minmay_lair_entry_grove, nicolae_island_escapes
D:11:     layout_roguey, kennysheep_orc_monster_closet_entryway, nicolae_wwwww
Orc:1:    layout_caves, nicolae_orc_lava_tube, hangedman_feature_mirror

Skill      XL: |  1  2  3  4  5  6  7  8  9 10 11 |
---------------+----------------------------------+-----
Fighting       | 3 4 5 6 |  6.6
Dodging        | 3 4 5 6 |  6.6
Unarmed Combat | 4 5 6 7 8 |  8.0
Armour         | 3 |  3.0
Throwing       | 3 |  3.5
Shields        | 2 |  2.1
Evocations     | 1 |  1.9
Maces & Flails | 8 11 | 11.7

Action                   |  1- 3 |  4- 6 |  7- 9 | 10-12 || total
-------------------------+-------+-------+-------+-------++-------
Melee: Unarmed           |    91 |   116 |   468 |    14 ||   689
       Punch             |       |     5 |    16 |    16 ||    37
       Flail             |       |       |       |   271 ||   271
Throw: Dart              |       |     2 |    20 |    10 ||    32
       Boomerang         |       |       |     1 |       ||     1
Invok: Berserk           |       |     1 |     8 |    10 ||    19
       Trog's Hand       |       |       |     4 |     5 ||     9
Evoke: Wand              |       |       |       |     4 ||     4
  Use: Scroll            |       |       |    14 |     6 ||    20
       Potion            |       |       |       |     5 ||     5
 Stab: Sleeping          |     1 |     1 |       |       ||     2
       Distracted        |       |       |     1 |       ||     1
Armor: Animal skin       |    33 |    36 |   263 |       ||   332
       Steam dragon scal |       |       |    10 |   116 ||   126
       Skin              |       |       |     1 |       ||     1
       Troll leather arm |       |       |       |     1 ||     1
Dodge: Dodged            |    45 |    74 |   541 |   313 ||   973
